 Dungeon Crawl Stone Soup version 0.17.1-2-g5865329 (webtiles) character file.

565 Jerry the Ducker (level 7, -2/48 HPs)
             Began as an Octopode Warper on Feb 16, 2016.
             Slain by a gnoll sergeant
             ... wielding a +0 spear
              (9 damage)
             ... on level 5 of the Dungeon on Feb 17, 2016.
             The game lasted 00:25:16 (3894 turns).

Jerry the Ducker (Octopode Warper)                  Turns: 3894, Time: 00:25:16

Health: -2/48      AC:  1    Str: 10    XL:     7   Next: 32%
Magic:  8/10       EV: 14    Int: 16    God:
Gold:   224        SH:  0    Dex: 13    Spells: 2 memorised, 7 levels left

rFire  . . .     SeeInvis .     u - +0 whip
rCold  . . .     Clarity  .     (no shield)
rNeg   . . .     SustAt   .     (helmet restricted)
rPois  .         Gourm    .     k - amulet of regeneration
rElec  .         Spirit   .     (no ring)
rCorr  .         Warding  .     (no ring)
rMut   .         Stasis   .     (no ring)
MR     .....                    (no ring)
Stlth  ++++......               (no ring)
                                (no ring)
                                (no ring)
                                (no ring)

@: starving, not resistant to hostile enchantments, stealthy
A: almost no armour, amphibious, 8 rings, constrict 8, camouflage 1, gelatinous
body 1
a: no special abilities


You were on level 5 of the Dungeon.
You were starving.

You visited 1 branch of the dungeon, and saw 5 of its levels.
You also visited: Sewer.

You collected 224 gold pieces.

Inventory:

Hand Weapons
 a - a +0 mace
 u - a +0 whip (weapon)
Missiles
 d - 5 tomahawks of dispersal (quivered)
Jewellery
 k - an amulet of regeneration (around mantle)
 x - a cursed amulet of inaccuracy {unknown}
Wands
 s - a wand of confusion (43)
 v - a wand of digging (6)
Scrolls
 c - 2 scrolls of blinking
 g - 3 scrolls of remove curse
 m - 2 scrolls of recharging
 q - 8 scrolls of identify
 w - a scroll of enchant armour {unknown}
 y - 2 scrolls of amnesia {unknown}
 z - a scroll of magic mapping {unknown}
Potions
 f - 2 potions of might {unknown}
 h - 2 potions of heal wounds {unknown}
 i - a potion of degeneration {unknown}
 j - 5 potions of curing {unknown}
 n - a potion of agility {unknown}
 o - a potion of resistance {unknown}
 p - a potion of cancellation {unknown}
 r - 2 potions of flight {unknown}
Books
 b - a book of Spatial Translocations

   Spells                             Type                      Level
   a - Apportation                    Translocation                1
   b - Blink                          Translocation                2
   c - Shroud of Golubria             Charms/Translocation         2
   d - Portal Projectile              Translocation                3
   e - Teleport Other                 Translocation                3
   f - Passage of Golubria            Translocation                4
Comestibles
 e - 2 bread rations
 l - 2 meat rations
 t - a beef jerky


   Skills:
 + Level 4.0 Fighting
 + Level 3.8 Maces & Flails
 - Level 1.0 Throwing
 + Level 4.4 Dodging
 - Level 3.4 Stealth
 - Level 2.0 Spellcasting
 + Level 3.1 Charms
 - Level 3.0 Translocations


You had 7 spell levels left.
You knew the following spells:

 Your Spells              Type           Power        Failure   Level  Hunger
a - Apportation           Tloc           ##........   8%          1    #......
b - Shroud of Golubria    Chrm/Tloc      ##........   10%         2    ###....


Dungeon Overview and Level Annotations

Branches:
Dungeon (5/15)
 Temple: D:4-7

Altars:
Zin

Annotations:
D:4 Raftile's ghost, novice HOAK


Innate Abilities, Weirdness & Mutations

You cannot wear most types of armour.
You are amphibious.
You can wear up to eight rings at the same time.
You can use your tentacles to constrict eight enemies at once.
Your skin changes colour to match your surroundings (Stealth).
Your rubbery body absorbs attacks (AC +1).


Message History

You hit the gnoll sergeant but do no damage.
The gnoll sergeant is heavily wounded.
You constrict the gnoll sergeant, but do no damage.
The gnoll sergeant hits you with a spear.
* * * LOW HITPOINT WARNING * * *
You hit the gnoll sergeant but do no damage.
The gnoll sergeant is heavily wounded.
You constrict the gnoll sergeant, but do no damage.
The gnoll completely misses you.
You hit the gnoll sergeant.
You squeeze the gnoll sergeant, but do no damage.
The gnoll sergeant is heavily wounded.
You constrict the gnoll sergeant, but do no damage.
The gnoll sergeant barely misses you. The gnoll closely misses you.
You hit the gnoll sergeant but do no damage.
You squeeze the gnoll sergeant, but do no damage.
The gnoll sergeant is heavily wounded.
You constrict the gnoll sergeant.
The gnoll sergeant hits you with a spear!
You die...

#...# #)#
##...#.. #g#
###.......
#g# .....
..### #g#
#... ....#
#.# #.###.#.#
#g# #.<...#.#
#.#
#.###.#.###g#
#........@gg#
#..##.#.#####
##.##.#.#
.....#.#
........#
###.######
#.# #..


You could see a gnoll sergeant and 2 gnolls.

Vanquished Creatures
  Grinder (D:3)
  A big kobold (Sewer)
  An orc priest (D:3)
  3 worker ants (D:4)
  A river rat (Sewer)
  3 gnolls (D:5)
  7 adders
  3 worms
  7 orcs
  8 bats
  5 giant cockroaches
  7 goblins
  12 hobgoblins
  8 jackals
  A quokka (D:4)
  A giant gecko zombie (D:5)
  2 giant newts (D:2)
  9 kobolds
  9 rats
89 creatures vanquished.

Notes
Turn   | Place    | Note
--------------------------------------------------------------
     0 | D:1      | Jerry the Octopode Warper began the quest for the Orb.
     0 | D:1      | Reached XP level 1. HP: 14/14 MP: 3/3
   398 | D:1      | Reached skill level 1 in Stealth
   398 | D:1      | Reached XP level 2. HP: 19/19 MP: 5/5
   640 | D:1      | Reached XP level 3. HP: 21/25 MP: 6/6
  1075 | D:2      | Learned a level 2 spell: Shroud of Golubria
  1166 | D:2      | Reached XP level 4. HP: 16/30 MP: 7/7
  1408 | D:2      | Found a glowing silver altar of Zin.
  1461 | D:2      | Found a glowing silver altar of Zin.
  1572 | D:3      | Reached skill level 1 in Charms
  1572 | D:3      | Reached XP level 5. HP: 7/36 MP: 4/8
  1716 | D:3      | Found a glowing drain.
  1740 | Sewer    | Entered a sewer
  1878 | Sewer    | Reached XP level 6. HP: 33/42 MP: 7/9
  1900 | Sewer    | Found a white marble altar of Elyvilon.
  2449 | D:3      | Noticed Grinder
  2460 | D:3      | Killed Grinder
  2460 | D:3      | Reached skill level 4 in Dodging
  2460 | D:3      | Reached XP level 7. HP: 8/47 MP: 10/10
  2907 | D:4      | Noticed Raftile's ghost (novice HOAK)
  3756 | D:5      | Entered Level 5 of the Dungeon
  3894 | D:5      | Slain by a gnoll sergeant

Action                   |  1- 3 |  4- 6 |  7- 9 || total
-------------------------+-------+-------+-------++-------
Melee: Mace              |    77 |   103 |     4 ||   184
       Whip              |       |       |    81 ||    81
 Cast: Apportation       |     1 |       |       ||     1
       Shroud of Golubri |       |     5 |    15 ||    20
Evoke: Wand              |       |       |     2 ||     2
  Use: Scroll            |       |     4 |       ||     4
 Stab: Sleeping          |     5 |     7 |     1 ||    13
       Distracted        |     1 |       |       ||     1
       Confused          |       |       |     2 ||     2
  Eat: Chunk             |     1 |     4 |     2 ||     7
       Bread ration      |       |       |     1 ||     1
